 Dungeon Crawl Stone Soup version 0.28-a0-1567-g1695149f81 (webtiles) character file.

Game seed: 16313062253315174903

1538 dolemite99 the Slicer (level 9, -8/54 HPs)
             Began as a Kobold Brigand on Jan 20, 2022.
             Mangled by an orc wizard (14 damage)
             ... on level 6 of the Dungeon.
             The game lasted 00:13:42 (11570 turns).

dolemite99 the Slicer (Kobold Brigand)             Turns: 11570, Time: 00:13:42

Health: -8/54      AC:  7    Str: 12    XL:     9   Next: 11%
Magic:  9/9        EV: 14    Int: 13    God:
Gold:   197        SH:  0    Dex: 22    Spells: 7/8 levels left

rFire   + . .      SeeInvis .   a - +4 dagger (vamp)
rCold   + . .      Faith    .   (no shield)
rNeg    . . .      Spirit   .   x - +0 scale mail
rPois   +          Reflect  .   (no helmet)
rElec   +          Harm     .   c - +0 cloak
rCorr   +          Rampage  .   (no gloves)
Will    .....                   (no boots)
Stlth   ++++......              (no amulet)
HPRegen 0.18/turn               j - ring of wizardry
MPRegen 0.11/turn               v - +6 ring of dexterity

@: resistant
A: small, no large weapons, nightstalker 3
a: no special abilities


You were on level 6 of the Dungeon.
You visited 1 branch of the dungeon, and saw 6 of its levels.

You collected 269 gold pieces.
You spent 72 gold pieces at shops.

Inventory:

Hand Weapons
 a - a +4 vampiric dagger (weapon)
 b - a +1 dagger of venom
Missiles
 d - a throwing net
 f - 152 stones
 k - 13 poisoned darts (quivered)
 r - 21 sling bullets
Armour
 c - a +0 cloak (worn)
 x - a +0 scale mail (worn)
Jewellery
 g - a ring of flight
 j - a ring of wizardry (left hand)
 v - a +6 ring of dexterity (right hand)
Wands
 e - a wand of digging (6)
Scrolls
 l - 5 scrolls of teleportation
 t - a scroll of fog
Potions
 h - a potion of curing
 p - a potion of ambrosia
 w - a potion of cancellation {unknown}


   Skills:
 + Level 5.4 Fighting
 - Level 9.5 Short Blades
 - Level 2.1 Throwing
 - Level 6.2 Dodging
 - Level 8.1 Stealth


You had 7 spell levels left.
You knew the following spells:

 Your Spells              Type           Power      Damage    Failure   Level
a - Animate Skeleton      Necr           0%         N/A       52%         1

Your spell library contained the following spells:

 Spells                   Type           Power      Damage    Failure   Level
 Apportation              Tloc           0%         N/A       52%         1
 Beastly Appendage        Tmut           0%         N/A       52%         1
 Summon Small Mammal      Summ           0%         N/A       52%         1
 Wereblood                Tmut           0%         N/A       67%         2
 Call Canine Familiar     Summ           0%         N/A       87%         3
 Confusing Touch          Hex            0%         N/A       87%         3
 Portal Projectile        Hex/Tloc       0%         N/A       87%         3
 Spider Form              Tmut/Pois      0%         N/A       87%         3
 Summon Guardian Golem    Hex/Summ       0%         N/A       87%         3
 Leda's Liquefaction      Hex/Erth       0%         N/A       99%         4
 Yara's Violent Unravell  Hex/Tmut       0%         3d3       100%        5
 Enfeeble                 Hex            0%         N/A       100%        7


Dungeon Overview and Level Annotations

Branches:
Dungeon (6/15)
 Temple: D:4-7

Altars:
Cheibriados

Shops:
D:1 (**(   D:3 !


Innate Abilities, Weirdness & Mutations

You are small and have problems with some larger weapons.
You are completely attuned to the shadows.


Message History

The iguana is almost dead.
The iguana completely misses you.
You hit the iguana.
You kill the iguana!
The kobold throws a poisoned dart.
The poisoned dart closely misses you.
The kobold throws a poisoned dart.
You closely miss something.
You hear some strange, mumbled words.
A magic dart appears from out of thin air!
The magic dart hits you.
You hit something.
You feel better. Something hits you.
You hit something but do no damage. You puncture something!
You feel better.
The kobold throws a poisoned dart.
You hear some strange, mumbled words.
You are confused.
You bump into the rock wall.
Reactivating autopickup.
You feel a bit more experienced.
You hit the kobold.
You feel better.
You kill the kobold!
The kobold throws a poisoned dart.
The poisoned dart hits you!
You are poisoned.
You're too confused to move!
You feel very sick. Something hits you!
Deactivating autopickup; reactivate with Ctrl-A.
You hit something.
You feel sick.
You bump into the rock wall.
You feel less confused.
You feel sick. Something hits you!
* * * LOW HITPOINT WARNING * * *
The kobold throws a poisoned dart.
The poisoned dart barely misses you.
You hit something.
You feel better. Something hits you!
* * * LOW HITPOINT WARNING * * *
You feel better. Something hits you!
* * * LOW HITPOINT WARNING * * *
The kobold throws a poisoned dart.
You feel protected. Something hits you!
You die...

#######
####......
K.....)...
##.Z##...
#..# .. #..#
. #)Z####
#Kl##@#
#.Ko#{##
#.s.#KK##
#....Z..#
#.......##
#)..#....##
#...#.....##
#...##.....#
#...##....##


You could see a bullfrog zombie and 2 kobolds.

Vanquished Creatures
  Sigmund (D:3)
  3 water moccasins
  A phantom (D:4)
  A kobold brigand (D:6)
  2 scorpions (D:6)
  A howler monkey (D:6)
  3 hounds (D:6)
  A centaur skeleton (D:5)
  An orc priest (D:5)
  6 iguanas
  Ijyb (D:5)
  5 orc wizards
  A hound skeleton (D:4)
  8 gnolls
  4 adders
  A howler monkey skeleton (D:4)
  An ufetubus (D:4)
  5 worms
  3 dart slugs
  17 orcs
  5 ball pythons
  8 bats
  8 endoplasms
  7 giant cockroaches
  9 goblins
  6 hobgoblins
  6 quokkas
  5 frilled lizards
  13 kobolds
  6 rats
139 creatures vanquished.

Vanquished Creatures (others)
  An orc wizard (D:6)
  A plant (D:1)
2 creatures vanquished.

Grand Total: 141 creatures vanquished

Notes
Turn   | Place    | Note
-------+----------+-------------------------------------------
     0 | D:1      | dolemite99 the Kobold Brigand began the quest for the Orb.
     0 | D:1      | Reached XP level 1. HP: 12/12 MP: 1/1
    32 | D:1      | Found Upleavaa's General Store.
    59 | D:1      | Reached skill level 3 in Short Blades
    76 | D:1      | Reached XP level 2. HP: 12/17 MP: 2/2
   215 | D:1      | Reached skill level 4 in Short Blades
   596 | D:1      | Found Dotidomn's Antique Weapon Boutique.
   777 | D:1      | Reached XP level 3. HP: 15/21 MP: 3/3
   881 | D:1      | Found Oxzaruos's Assorted Antiques.
  1020 | D:1      | Found Lonauv's Antique Weapon Emporium.
  1601 | D:2      | Reached skill level 5 in Short Blades
  1851 | D:2      | Reached XP level 4. HP: 26/26 MP: 4/4
  2728 | D:3      | Reached skill level 6 in Short Blades
  2804 | D:3      | Noticed Sigmund
  3056 | D:3      | Learned a level 1 spell: Animate Skeleton
  3118 | D:3      | Found Xaagokei's Distillery.
  3123 | D:3      | Bought 2 potions of curing for 72 gold pieces
  3453 | D:3      | Reached XP level 5. HP: 30/30 MP: 5/5
  3691 | D:3      | Killed Sigmund
  3692 | D:3      | Reached skill level 8 in Short Blades
  3692 | D:3      | Reached XP level 6. HP: 34/35 MP: 6/6
  4431 | D:4      | Reached skill level 9 in Short Blades
  4668 | D:4      | Reached XP level 7. HP: 32/40 MP: 7/7
  5045 | D:4      | Identified the +1 chain mail of the Pirate {Harm rF+}
  6865 | D:5      | Entered Level 5 of the Dungeon
  7858 | D:5      | Noticed a water moccasin
  7876 | D:5      | Killed a water moccasin
  7877 | D:5      | Reached XP level 8. HP: 27/44 MP: 8/8
  8554 | D:5      | Noticed Ijyb
  8587 | D:5      | Killed Ijyb
  9399 | D:5      | Found a snail-covered altar of Cheibriados.
 10075 | D:6      | Reached skill level 5 in Dodging
 11532 | D:6      | Reached XP level 9. HP: 35/52 MP: 9/9
 11543 | D:6      | Reached skill level 5 in Fighting
 11570 | D:6      | Mangled by an orc wizard

Illustrated notes

Levels and vault maps discovered:
D:1:      minmay_arrival_cross, layout_rooms, serial_shops, shop, shop, shop,
          nicolae_shop_overgrown_old_shop
D:2:      layout_rooms
D:3:      minmay_diamond_boxcup, layout_rooms, serial_shops, shop, uniq_sigmund
D:4:      layout_basic
D:5:      nicolae_BIG_FREAKIN_CUBE, layout_layer_cave, chei_slow_surprise,
          uniq_ijyb
D:6:      minmay_flawed_box, layout_basic, gammafunk_temple_overflow_pools

Skill      XL: |  1  2  3  4  5  6  7  8  9 |
---------------+----------------------------+-----
Short Blades   | 3 4 5 6 8 9 |  9.5
Stealth        | 8 |  8.1
Dodging        | 6 |  6.2
Fighting       | 4 5 |  5.4
Throwing       | |  2.1

Action                   |  1- 3 |  4- 6 |  7- 9 || total
-------------------------+-------+-------+-------++-------
Melee: Dagger            |    68 |   167 |   320 ||   555
       Punch             |       |     3 |     4 ||     7
Throw: Dart              |    52 |    48 |    23 ||   123
       Stone             |     3 |    10 |       ||    13
Evoke: Wand              |       |       |     9 ||     9
  Use: Scroll            |     1 |     8 |     3 ||    12
       Potion            |       |       |     7 ||     7
 Stab: Distracted        |     1 |     1 |       ||     2
       Sleeping          |     2 |     3 |     3 ||     8
Armor: Robe              |    13 |    14 |     2 ||    29
       Ring mail         |       |       |    15 ||    15
       Skin              |       |       |     6 ||     6
       Scale mail        |       |       |    47 ||    47
Dodge: Dodged            |    57 |    63 |   111 ||   231

Table legend: (Time is in decaauts)
 A = Elapsed time spent in this place.
 B = Non-inter-level travel time spent in this place.
 C = Inter-level travel time spent in this place.
 D = Time resting spent in this place.
 E = Time spent auto-exploring this place.
 F = Levels seen in this place.
 G = Mean time per level.
                   A        B        C        D        E       F      G
               +--------+--------+--------+--------+--------+-----+--------+
         Total |  11322 |  11058 |    264 |   5397 |   3908 |   6 | 1887.0 |
       Dungeon |  11322 |  11058 |    264 |   5397 |   3908 |   6 | 1887.0 |
               +--------+--------+--------+--------+--------+-----+--------+

Top non-repeatable levels by time:
     D:5: 3064 daAuts
     D:4: 2269 daAuts
     D:2: 1821 daAuts
     D:6: 1498 daAuts
     D:1: 1470 daAuts
     D:3: 1198 daAuts
